 Dungeon Crawl Stone Soup version 0.30-a0-165-g1891117ce2 (webtiles) character file.

Game seed: 15701688963305496345

1117 qw the Chopper (level 8, -2/49 HPs)
             Began as a Gargoyle Fighter on Sept 28, 2022.
             Slain by a two-headed ogre
             ... wielding a +0 giant spiked club
              (6 damage)
             ... on level 6 of the Dungeon.
             The game lasted 00:01:55 (5260 turns).

qw the Chopper (Gargoyle Fighter)                   Turns: 5260, Time: 00:01:56

Health: -2/49      AC: 23    Str: 22    XL:     8   Next: 34%
Magic:  8/8        EV:  6    Int:  9    God:
Gold:   245        SH:  4    Dex:  7    Spells: 7/7 levels left

rFire   + + .      SeeInvis +    r - +0 war axe
rCold   . . .      Faith    .    c - +0 buckler
rNeg    + . .      Spirit   .    m - +0 plate armour
rPois   inf        Reflect  .    (no helmet)
rElec   +          Harm     .    w - +0 cloak
rCorr   .          Rampage  .    l - +0 pair of gloves of Ropatej {Will+++ Dex-2 SInv}
Will    +++..                    j - +2 pair of boots {Fly}
Stlth   ..........               q - amulet of the acrobat
HPRegen 0.16/turn                x - ring of protection from fire
MPRegen 0.11/turn                k - ring of protection from fire

@: flying
A: sickness immunity, AC +5, negative energy resistance 1, electricity
resistance, torment resistance 1, petrification resistance
a: no special abilities


You were on level 6 of the Dungeon.
You visited 1 branch of the dungeon, and saw 6 of its levels.

You collected 281 gold pieces.
You spent 36 gold pieces at shops.


Innate Abilities, Weirdness & Mutations

You are immune to sickness and miasma.
Your stone body is resilient. (AC +5)
You are immune to poison.
You resist negative energy. (rN+)
You are resistant to electric shocks. (rElec)
You are resistant to unholy torment.
You are immune to petrification.


   Skills:
 - Level 5.0 Fighting
 + Level 7.6 Axes
 - Level 1.1 Throwing
 - Level 5.0 Armour
 - Level 3.2 Shields


You had 7 spell levels left.
You didn't know any spells.
Your spell library was empty.

Inventory:

Hand Weapons
 b - a +0 flail
 r - a +0 war axe (weapon)
Missiles
 B - 2 boomerangs (quivered)
Armour
 a - the +0 pair of boots of Ignis's Favour {rF- rN+ Str+4 Int+2}
   (You acquired it on level 1 of the Dungeon)

   Str:       It affects your strength (+4).
   Int:       It affects your intelligence (+2).
   rF:        It makes you vulnerable to fire.
   rN:        It protects you from negative energy.
 c - a +0 buckler (worn)
 e - a +0 pair of gloves
 j - a +2 pair of boots of flying (worn)
 l - the +0 pair of gloves of Ropatej (worn) {Will+++ Dex-2 SInv}
   (You acquired it on level 1 of the Dungeon)

   Dex:       It affects your dexterity (-2).
   SInv:      It lets you see invisible.
   Will:      It greatly increases your willpower.
 m - a +0 plate armour (worn)
 w - a +0 cloak (worn)
Jewellery
 f - a ring of resist corrosion
 g - a ring of willpower
 k - a ring of protection from fire (right hand)
 q - an amulet of the acrobat (around neck)
 u - a ring of ice
 v - a ring of positive energy
 x - a ring of protection from fire (left hand)
 y - a ring of magical power
 Y - a ring of resist corrosion
Scrolls
 n - 5 scrolls of identify
 A - 5 scrolls of teleportation {unknown}
Potions
 d - 3 potions of might
 h - a potion of mutation
 i - a potion of heal wounds
 o - 3 potions of attraction
 p - a potion of haste
 s - 2 potions of lignification
 t - 4 potions of curing
 z - a potion of resistance

Dungeon Overview and Level Annotations

Branches:
Dungeon (6/15)
 Temple: D:4-7

Altars:
Elyvilon
Fedhas
Makhleb
Qazlal
Ru
Xom
The Shining One

Shops:
D:2 *


Message History

The two-headed ogre is lightly wounded.
Throw: 2 boomerangs
Press: ? - help, Q - select action Shift-Dir - straight line, f/p - two-headed ogre You throw a boomerang.
The boomerang hits the two-headed ogre!
The two-headed ogre is moderately wounded.
Throw: 2 boomerangs
Press: ? - help, Q - select action Shift-Dir - straight line, f/p - two-headed ogre You throw a boomerang.
The boomerang hits the two-headed ogre.
The two-headed ogre is moderately wounded.
Throw: 2 boomerangs
Press: ? - help, Q - select action Shift-Dir - straight line, f/p - two-headed ogre You throw a boomerang.
The boomerang hits the two-headed ogre.
The two-headed ogre is moderately wounded.
You hit the two-headed ogre but do no damage.
The two-headed ogre is moderately wounded.
The two-headed ogre hits you with a +0 giant spiked club!
The two-headed ogre hits you but does no damage.
You hit the two-headed ogre but do no damage.
The two-headed ogre is moderately wounded.
The two-headed ogre barely misses you.
The two-headed ogre hits you with a +0 giant club.
You barely miss the two-headed ogre.
The two-headed ogre is moderately wounded.
You barely miss the two-headed ogre.
The two-headed ogre is moderately wounded.
The two-headed ogre hits you with a +0 giant spiked club!
You block the two-headed ogre's attack.
You slash the two-headed ogre!
The two-headed ogre is heavily wounded.
You block the two-headed ogre's attack.
The two-headed ogre hits you with a +0 giant club.
You hit the two-headed ogre.
The two-headed ogre is heavily wounded.
The two-headed ogre completely misses you.
The two-headed ogre hits you with a +0 giant club.
You hit the two-headed ogre.
The two-headed ogre is severely wounded.
The two-headed ogre hits you with a +0 giant spiked club!
The two-headed ogre hits you with a +0 giant club.
You die...

...>.....
........ ......#
.....# ....# ...
#O# #@# #.#
######.#
#......#
#.######
#.##############
#..............#
#..............#
##.............#


You could see a two-headed ogre.

Vanquished Creatures
  Grinder (D:4)
  Sigmund (D:2)
  A water moccasin (D:6)
  Blork the orc (D:4)
  A necrophage (D:5)
  A hound (D:5)
  3 jellies (D:4)
  Jessica (D:2)
  3 iguanas
  An orc wizard (D:5)
  Terence (D:3)
  Natasha (thrice) (D:3)
  3 gnolls (D:6)
  7 adders
  An ufetubus (D:5)
  3 dart slugs
  3 orcs (D:5)
  4 ball pythons
  7 bats
  10 endoplasms
  6 giant cockroaches
  5 goblins
  7 hobgoblins
  4 quokkas
  5 frilled lizards
  7 kobolds
  9 rats
99 creatures vanquished.

Vanquished Creatures (others)
  A goblin (D:4)
  8 plants
9 creatures vanquished.

Grand Total: 108 creatures vanquished

Notes
Turn   | Place    | Note
-------+----------+-------------------------------------------
     0 | D:1      | qw the Gargoyle Fighter began the quest for the Orb.
     0 | D:1      | Reached XP level 1. HP: 14/14 MP: 1/1
     0 | D:1      | 0 ||| qw: Version: 0.2-a-12-gaebbb33
     0 | D:1      | 0 ||| qw: Game counter: 925
     0 | D:1      | 0 ||| qw: Always use a shield: true
     0 | D:1      | 0 ||| qw: God list: Okawaru
     0 | D:1      | 0 ||| qw: Allow faded altars: false
     0 | D:1      | 0 ||| qw: Do Orc after D:15 true
     0 | D:1      | 0 ||| qw: Do second Lair branch before Depths: true
     0 | D:1      | 0 ||| qw: Lair rune preference: random
     0 | D:1      | 0 ||| qw: Plans: Normal, Zot:1-4, God:TSO, Crypt, Tomb,
                  | Pan, Slime:5, Hells, Abyss, Orb
     0 | D:1      | 0 ||| PLANNING D:1-11
   128 | D:1      | Reached skill level 2 in Axes
   317 | D:1      | 317 ||| Stepping ~*~*~tactically~*~*~ (stealth).
   335 | D:1      | Reached XP level 2. HP: 19/19 MP: 2/2
   368 | D:1      | 368 ||| Stepping ~*~*~tactically~*~*~ (stealth).
   374 | D:1      | 374 ||| Stepping ~*~*~tactically~*~*~ (stealth).
   375 | D:1      | 375 ||| Stepping ~*~*~tactically~*~*~ (stealth).
   594 | D:1      | Reached skill level 3 in Axes
   601 | D:1      | Reached XP level 3. HP: 22/23 MP: 3/3
   971 | D:1      | 971 ||| UPGRADING to amulet of the acrobat.
   976 | D:1      | 976 ||| UPGRADING to ring of willpower.
   977 | D:1      | 977 ||| UPGRADING to ring of positive energy.
   978 | D:1      | 978 ||| UPGRADING to ring of resist corrosion.
   980 | D:1      | 980 ||| READING scroll labelled XEUWIA EMMO.
   981 | D:1      | 981 ||| READING scroll labelled YFYALO FUBEQA.
   982 | D:1      | 982 ||| READING scroll labelled ASTREACAGIE.
   983 | D:1      | 983 ||| READING 3 scrolls labelled KYHASEJESO.
   983 | D:1      | Identified 3 scrolls of acquirement
   983 | D:1      | 983 ||| ACQUIRING +0 pair of boots of Ignis's Favour {rF-
                  | rN+ Str+4 Int+2}
   983 | D:1      | Acquired the +0 pair of boots of Ignis's Favour {rF- rN+
                  | Str+4 Int+2}
   985 | D:1      | 985 ||| UPGRADING to +0 pair of boots of Ignis's Favour
                  | {rF- rN+ Str+4 Int+2}.
   990 | D:1      | 990 ||| READING 2 scrolls of acquirement.
   990 | D:1      | 990 ||| ACQUIRING +2 pair of boots of flying
   990 | D:1      | Acquired a +2 pair of boots of flying
   992 | D:1      | 992 ||| UPGRADING to +2 pair of boots of flying.
  1002 | D:1      | 1002 ||| READING scroll of acquirement.
  1002 | D:1      | 1002 ||| ACQUIRING +0 pair of gloves of Ropatej {Will+++
                  | Dex-2 SInv}
  1002 | D:1      | Acquired the +0 pair of gloves of Ropatej {Will+++ Dex-2
                  | SInv}
  1004 | D:1      | 1004 ||| UPGRADING to +0 pair of gloves of Ropatej {Will+++
                  | Dex-2 SInv}.
  1009 | D:1      | 1009 ||| REMOVING ring of willpower.
  1010 | D:1      | 1010 ||| UPGRADING to ring of positive energy.
  1088 | D:2      | Noticed Jessica
  1091 | D:2      | 1091 ||| Stepping ~*~*~tactically~*~*~ (hiding).
  1092 | D:2      | 1092 ||| Stepping ~*~*~tactically~*~*~ (hiding).
  1093 | D:2      | 1093 ||| Stepping ~*~*~tactically~*~*~ (hiding).
  1102 | D:2      | Killed Jessica
  1103 | D:2      | Reached XP level 4. HP: 14/28 MP: 4/4
  1106 | D:2      | Reached skill level 4 in Axes
  1274 | D:2      | Found Foir's General Store.
  1274 | D:2      | Noticed Sigmund
  1286 | D:2      | Killed Sigmund
  1287 | D:2      | Reached skill level 5 in Axes
  1287 | D:2      | Reached XP level 5. HP: 32/32 MP: 5/5
  1287 | D:2      | Reached XP level 6. HP: 37/37 MP: 6/6
  1294 | D:2      | 1294 ||| SHOPLISTING +0 helmet (54 gold, have 45).
  1294 | D:2      | 1294 ||| BUYING potion of curing (36 gold).
  1294 | D:2      | Bought a potion of curing for 36 gold pieces
  1294 | D:2      | 1294 ||| SHOPLISTING potion of heal wounds (60 gold, have
                  | 9).
  1294 | D:2      | 1294 ||| SHOPLISTING scroll of identify (24 gold, have 9).
  1294 | D:2      | 1294 ||| SHOPLISTING scroll of teleportation (36 gold, have
                  | 9).
  1406 | D:2      | 1406 ||| Stepping ~*~*~tactically~*~*~ (stealth).
  1407 | D:2      | 1407 ||| Stepping ~*~*~tactically~*~*~ (stealth).
  1413 | D:2      | 1413 ||| Stepping ~*~*~tactically~*~*~ (stealth).
  1414 | D:2      | 1414 ||| Stepping ~*~*~tactically~*~*~ (stealth).
  1415 | D:2      | 1415 ||| Stepping ~*~*~tactically~*~*~ (stealth).
  1501 | D:2      | 1501 ||| Stepping ~*~*~tactically~*~*~ (stealth).
  1849 | D:2      | 1849 ||| UPGRADING to +0 cloak.
  1854 | D:2      | 1854 ||| UPGRADING to ring of protection from fire.
  1856 | D:2      | 1856 ||| READING scroll labelled JOPNAR XAEHI.
  1857 | D:2      | 1857 ||| READING scroll labelled LUOKKUID AXTIGEA.
  1858 | D:2      | 1858 ||| DRINKING 2 grey potions.
  1859 | D:2      | 1859 ||| DRINKING 2 bubbling pink potions.
  1860 | D:2      | 1860 ||| READING 2 scrolls of identify.
  1860 | D:2      | 1860 ||| IDENTIFYING murky red potion
  1861 | D:2      | 1861 ||| DROPPING potion of magic.
  1862 | D:2      | 1862 ||| DROPPING potion of degeneration.
  1995 | D:3      | Noticed Natasha
  1996 | D:3      | 1996 ||| Stepping ~*~*~tactically~*~*~ (hiding).
  2005 | D:3      | Killed Natasha
  2100 | D:3      | Noticed Terence
  2101 | D:3      | 2101 ||| Stepping ~*~*~tactically~*~*~ (hiding).
  2111 | D:3      | 2111 ||| DRINKING 2 potions of curing.
  2111 | D:3      | 2111 ||| (to cure confusion)
  2115 | D:3      | Killed Terence
  2297 | D:3      | 2297 ||| Stepping ~*~*~tactically~*~*~ (hiding).
  2300 | D:3      | 2300 ||| Stepping ~*~*~tactically~*~*~ (hiding).
  2563 | D:3      | 2563 ||| Stepping ~*~*~tactically~*~*~ (stealth).
  2657 | D:3      | Noticed Natasha
  2658 | D:3      | 2658 ||| Stepping ~*~*~tactically~*~*~ (stealth).
  2660 | D:3      | 2660 ||| Stepping ~*~*~tactically~*~*~ (stealth).
  2665 | D:3      | Killed Natasha
  2698 | D:3      | Found a white marble altar of Elyvilon.
  2782 | D:3      | 2782 ||| UPGRADING to +0 chain mail.
  2792 | D:3      | 2792 ||| DROPPING +0 scale mail.
  2793 | D:3      | 2793 ||| READING scroll labelled ODDUM KUKKUYR.
  2794 | D:3      | 2794 ||| READING scroll labelled PISOCZ CENA.
  2795 | D:3      | 2795 ||| DRINKING 2 lumpy inky potions.
  2796 | D:3      | 2796 ||| READING 3 scrolls of identify.
  2796 | D:3      | 2796 ||| IDENTIFYING fizzy cyan potion
  2797 | D:3      | 2797 ||| READING 2 scrolls of identify.
  2797 | D:3      | 2797 ||| IDENTIFYING green potion
  2798 | D:3      | 2798 ||| DROPPING potion of invisibility.
  2799 | D:3      | 2799 ||| DROPPING potion of brilliance.
  2802 | D:3      | Noticed Natasha
  2803 | D:3      | 2803 ||| Stepping ~*~*~tactically~*~*~ (hiding).
  2823 | D:3      | Killed Natasha
  2824 | D:3      | Reached skill level 6 in Axes
  3028 | D:4      | Found a shimmering altar of Xom.
  3050 | D:4      | Noticed Blork the orc
  3051 | D:4      | 3051 ||| Stepping ~*~*~tactically~*~*~ (hiding).
  3052 | D:4      | 3052 ||| Stepping ~*~*~tactically~*~*~ (hiding).
  3067 | D:4      | Killed Blork the orc
  3068 | D:4      | Reached XP level 7. HP: 34/43 MP: 2/7
  3326 | D:4      | Noticed Grinder
  3342 | D:4      | Killed Grinder
  3343 | D:4      | Reached skill level 7 in Axes
  3696 | D:4      | 3696 ||| Stepping ~*~*~tactically~*~*~ (hiding).
  3720 | D:4      | 3720 ||| Stepping ~*~*~tactically~*~*~ (stealth).
  3844 | D:4      | Found a glowing golden altar of the Shining One.
  3921 | D:4      | 3921 ||| READING scroll labelled FABOWN GAREZI.
  3922 | D:4      | 3922 ||| READING scroll labelled AFESTE NEOQI.
  3923 | D:4      | 3923 ||| READING 2 scrolls of identify.
  3923 | D:4      | 3923 ||| IDENTIFYING inky potion
  3938 | D:5      | Entered Level 5 of the Dungeon
  3945 | D:5      | Found a burning altar of Makhleb.
  3992 | D:5      | 3992 ||| Stepping ~*~*~tactically~*~*~ (hiding).
  4245 | D:5      | 4245 ||| Stepping ~*~*~tactically~*~*~ (stealth).
  4247 | D:5      | 4247 ||| Stepping ~*~*~tactically~*~*~ (hiding).
  4331 | D:5      | 4331 ||| DROPPING +0 mace.
  4361 | D:5      | Reached XP level 8. HP: 46/49 MP: 8/8
  4393 | D:5      | Found a stormy altar of Qazlal.
  4405 | D:5      | Found a blossoming altar of Fedhas.
  4728 | D:5      | 4728 ||| Stepping ~*~*~tactically~*~*~ (stealth).
  4729 | D:5      | 4729 ||| Stepping ~*~*~tactically~*~*~ (stealth).
  4868 | D:5      | 4868 ||| UPGRADING to +0 plate armour.
  4878 | D:5      | 4878 ||| DROPPING +0 chain mail.
  4879 | D:5      | 4879 ||| UPGRADING to ring of protection from fire.
  4881 | D:5      | 4881 ||| READING 6 scrolls of identify.
  4881 | D:5      | 4881 ||| IDENTIFYING bubbling puce potion
  4882 | D:5      | 4882 ||| READING 5 scrolls of identify.
  4882 | D:5      | 4882 ||| IDENTIFYING purple potion
  4883 | D:5      | 4883 ||| READING 4 scrolls of identify.
  4883 | D:5      | 4883 ||| IDENTIFYING lumpy green potion
  4884 | D:5      | 4884 ||| DROPPING potion of ambrosia.
  4974 | D:6      | Found a sacrificial altar of Ru.
  5153 | D:6      | 5153 ||| Stepping ~*~*~tactically~*~*~ (stealth).
  5157 | D:6      | 5157 ||| Stepping ~*~*~tactically~*~*~ (stealth).
  5178 | D:6      | Reached skill level 1 in Throwing
  5248 | D:6      | Noticed a two-headed ogre
  5260 | D:6      | HP: 4/49 [two-headed ogre/+0 giant spiked club (15)]
  5260 | D:6      | Slain by a two-headed ogre

Levels and vault maps discovered:
D:1:      minmay_arrival_split_and_join, layout_basic, dk_noncrumbling_2,
          kennysheep_crisscross
D:2:      minmay_spotlight, layout_basic, serial_shops, shop,
          serial_bayou_pond_d, chequers_serial_rivers_micro_b, uniq_sigmund,
          uniq_jessica
D:3:      layout_basic, lemuel_coloured_pillars_altar, serial_rivers,
          chequers_serial_rivers_micro_d, chequers_serial_rivers_large_a,
          chequers_serial_rivers_marsh, chequers_serial_rivers_room_b,
          chequers_serial_rivers_micro_a, chequers_serial_rivers_micro_e,
          kennysheep_generic_room_7, uniq_natasha, uniq_terence
D:4:      layout_basic, kennysheep_mini, dk_xom_monty_hall, uniq_blork_the_orc,
          uniq_grinder
D:5:      layout_loops_corners, grunt_temple_overflow_forces_of_nature,
          lemuel_round_altar
D:6:      layout_basic, mainiacjoe_overflow_alcove_2,
          mainiacjoe_overflow_chevrons, kennysheep_generic_room_8

Skill      XL: |  1  2  3  4  5  6  7  8 |
---------------+-------------------------+-----
Axes           | 2 3 5 6 7 |  7.6
Fighting       | 4 5 |  5.0
Armour         | 5 |  5.0
Throwing       | 1 |  1.1
Shields        | |  3.2

Action                   |  1- 3 |  4- 6 |  7- 9 || total
-------------------------+-------+-------+-------++-------
Melee: War axe           |    94 |   127 |   121 ||   342
Throw: Boomerang         |       |     4 |    30 ||    34
  Use: Scroll            |     6 |     7 |     6 ||    19
       Potion            |       |     4 |       ||     4
Armor: Scale mail        |    49 |    35 |       ||    84
       Chain mail        |       |    13 |    47 ||    60
       Plate armour      |       |       |    30 ||    30
Dodge: Dodged            |    46 |    46 |    41 ||   133
Block: Buckler           |    13 |    20 |    16 ||    49

Table legend:
 A = Non-vault XP
 B = Vault XP
 C = Vault XP percentage of total XP
 D = Non-vault monster count
 E = Vault monster count
 F = Vault count percentage of total count
                 A         B        C        D         E       F
            +---------+---------+-------+---------+---------+-------
      Total |     785 |     811 |  50.8 |      83 |      16 |  16.2
            +---------+---------+-------+---------+---------+-------
        D:1 |      41 |       0 |   0.0 |      26 |       0 |   0.0
        D:2 |      53 |     271 |  83.6 |      21 |       7 |  25.0
        D:3 |      82 |      78 |  48.8 |       8 |       5 |  38.5
        D:4 |      58 |     462 |  88.8 |       8 |       4 |  33.3
        D:5 |     283 |       0 |   0.0 |      14 |       0 |   0.0
        D:6 |     268 |       0 |   0.0 |       6 |       0 |   0.0
            +---------+---------+-------+---------+---------+-------
